 Dungeon Crawl Stone Soup version 0.28.0-45-g0d030f2227 (webtiles) character file.

Game seed: 587185454293767605

252 MisterFreud the Covert (level 6, -1/53 HPs)
             Began as a Gnoll Delver on May 23, 2022.
             Succumbed to a kobold's poison
             ... on level 3 of the Dungeon.
             The game lasted 00:01:56 (675 turns).

MisterFreud the Covert (Gnoll Delver)                Turns: 675, Time: 00:01:56

Health: -1/53      AC:  3    Str: 12    XL:     6   Next: 13%
Magic:  8/8        EV: 13    Int: 11    God:
Gold:   27         SH:  0    Dex: 13    Spells: 8/8 levels left

rFire   . . .      SeeInvis .   a - +0 short sword
rCold   . . .      Faith    .   (no shield)
rNeg    . . .      Spirit   .   b - +0 leather armour
rPois   .          Reflect  .   (no helmet)
rElec   .          Harm     .   (no cloak)
rCorr   .          Rampage  .   (no gloves)
Will    .....                   (no boots)
Stlth   ++++......              (no amulet)
HPRegen 0.17/turn               (no ring)
MPRegen 0.11/turn               (no ring)

@: mighty, lethally poisoned (-1 -> -6)
A: fangs 1, strong nose, distributed training
a: no special abilities


You were on level 3 of the Dungeon.
You visited 1 branch of the dungeon, and saw 6 of its levels.

You collected 27 gold pieces.

Inventory:

Hand Weapons
 a - a +0 short sword (weapon)
 f - a +0 great sword of venom
Missiles
 i - 4 poisoned darts (quivered)
Armour
 b - a +0 leather armour (worn)
Wands
 g - a wand of digging (3)
Scrolls
 c - a scroll of fog
 d - a scroll of magic mapping
 e - a scroll of fear
 h - a scroll of noise {unknown}


   Skills:
 + Level 6.8 Fighting
 + Level 4.9 Short Blades
 + Level 1.8 Long Blades
 + Level 1.8 Axes
 + Level 1.8 Maces & Flails
 + Level 1.8 Polearms
 + Level 1.8 Staves
 + Level 1.8 Slings
 + Level 1.8 Bows
 + Level 1.8 Crossbows
 + Level 1.8 Throwing
 + Level 1.8 Armour
 + Level 4.9 Dodging
 + Level 9.7 Stealth
 + Level 1.8 Shields
 + Level 1.8 Unarmed Combat
 + Level 1.8 Spellcasting
 + Level 1.4 Conjurations
 + Level 1.4 Hexes
 + Level 1.4 Summonings
 + Level 1.4 Necromancy
 + Level 1.4 Translocations
 + Level 1.4 Transmutations
 + Level 1.4 Fire Magic
 + Level 1.4 Ice Magic
 + Level 1.4 Air Magic
 + Level 1.4 Earth Magic
 + Level 1.4 Poison Magic
 + Level 2.0 Invocations
 + Level 1.8 Evocations


You had 8 spell levels left.
You didn't know any spells.
Your spell library was empty.

Dungeon Overview and Level Annotations

Branches:
Dungeon (7/15)
 Temple: D:4-7

Altars:

Shops:
D:4 =


Innate Abilities, Weirdness & Mutations

You have very sharp teeth.
Your uncanny sense of smell can sniff out nearby items.
Your experience applies equally to all skills.


Message History

The kobold hits you with a +0 whip of venom.
You are more poisoned.
The rat bites you but does no damage.
You are too injured to fight recklessly!
You are too injured to fight recklessly!
You hit the kobold but do no damage.
You feel very sick. The kobold hits you but does no damage.
You are more poisoned.
The rat bites you.
You hit the kobold.
The kobold is severely wounded.
* * * LOW HITPOINT WARNING * * *
You feel very sick. The kobold barely misses you. The rat barely misses you.
You hit the kobold.
You kill the kobold!
* * * LOW HITPOINT WARNING * * *
You feel very sick. The rat bites you.
* * * LOW HITPOINT WARNING * * *
Okay, then.
Unknown command.
You hit the rat.
You kill the rat!
* * * LOW HITPOINT WARNING * * *
You feel very sick.
There is a lethal amount of poison in your body!
It was a potion of might.
You feel very mighty all of a sudden.
* * * LOW HITPOINT WARNING * * *
You feel very sick.
* * * LOW HITPOINT WARNING * * *
You feel sick.
You climb downwards.
* * * LOW HITPOINT WARNING * * *
You feel sick.
There is a stone staircase leading up here.
Unknown command.
You die...

#.######..#.##..##...
#..#...........###...
#...........#.# #...
##........#.#.# .
##........#.#.#
#.....#####..
#.............
#.<........ ..
#..@........
#...........
#...........
#...$.......
######..... .....
####


There were no monsters in sight!

Vanquished Creatures
  An ice beast (D:4)
  An ogre (D:5)
  A centaur zombie (D:6)
  4 adders
  An orc (D:6)
  3 endoplasms
  A giant cockroach (D:4)
  A goblin (D:4)
  2 frilled lizards
  A kobold (D:2)
  2 rats
18 creatures vanquished.

Notes
Turn   | Place    | Note
-------+----------+-------------------------------------------
     0 | D:5      | Reached skill level 9 in Stealth
     0 | D:5      | MisterFreud the Gnoll Delver began the quest for the Orb.
     0 | D:5      | Reached XP level 1. HP: 23/23 MP: 1/1
    33 | D:6      | Reached XP level 2. HP: 19/29 MP: 1/3
    33 | D:6      | Reached XP level 3. HP: 23/35 MP: 1/4
    59 | D:7      | Noticed a centaur
    59 | D:7      | Noticed a centaur
   122 | D:5      | Noticed an ogre
   144 | D:5      | Killed an ogre
   145 | D:5      | Reached skill level 1 in Long Blades
   145 | D:5      | Reached skill level 1 in Axes
   145 | D:5      | Reached skill level 1 in Maces & Flails
   145 | D:5      | Reached skill level 1 in Polearms
   145 | D:5      | Reached skill level 1 in Staves
   145 | D:5      | Reached skill level 1 in Slings
   145 | D:5      | Reached skill level 1 in Bows
   145 | D:5      | Reached skill level 1 in Crossbows
   145 | D:5      | Reached skill level 1 in Throwing
   145 | D:5      | Reached skill level 1 in Armour
   145 | D:5      | Reached skill level 1 in Shields
   145 | D:5      | Reached skill level 1 in Unarmed Combat
   145 | D:5      | Reached skill level 1 in Spellcasting
   145 | D:5      | Reached skill level 1 in Conjurations
   145 | D:5      | Reached skill level 1 in Hexes
   145 | D:5      | Reached skill level 1 in Summonings
   145 | D:5      | Reached skill level 1 in Necromancy
   145 | D:5      | Reached skill level 1 in Translocations
   145 | D:5      | Reached skill level 1 in Transmutations
   145 | D:5      | Reached skill level 1 in Fire Magic
   145 | D:5      | Reached skill level 1 in Ice Magic
   145 | D:5      | Reached skill level 1 in Air Magic
   145 | D:5      | Reached skill level 1 in Earth Magic
   145 | D:5      | Reached skill level 1 in Poison Magic
   145 | D:5      | Reached skill level 1 in Invocations
   145 | D:5      | Reached skill level 1 in Evocations
   145 | D:5      | Reached XP level 4. HP: 27/41 MP: 5/5
   145 | D:5      | Reached XP level 5. HP: 31/47 MP: 6/6
   186 | D:4      | Noticed an ice beast
   190 | D:4      | Killed an ice beast
   303 | D:4      | Found Junatokk's Jewellery Shoppe.
   338 | D:4      | Reached XP level 6. HP: 48/53 MP: 8/8
   673 | D:2      | HP: 2/53 [poisoned by a kobold]
   675 | D:3      | Succumbed to a kobold's poison

Illustrated notes

Levels and vault maps discovered:
D:2:      layout_basic, chequers_serial_rivers_room_a, st_stairs_5
D:3:      layout_rooms, gammafunk_ghost_grave, minmay_starry_boxes
D:4:      layout_loops_ring, serial_shops, shop, uniq_eustachio
D:5:      layout_gridville, uniq_edmund
D:6:      layout_basic, nicolae_overflow_hidden_temple,
          mainiacjoe_overflow_cross_hatched, minmay_circle_x
D:7:      layout_loops_ring, minmay_temple_entry_butterflies,
          lemuel_flame_loot_1

Skill      XL: |  1  2  3  4  5 |
---------------+----------------+-----
Stealth        | |  9.7
Long Blades    | 1 |  1.8
Axes           | 1 |  1.8
Maces & Flails | 1 |  1.8
Polearms       | 1 |  1.8
Staves         | 1 |  1.8
Slings         | 1 |  1.8
Bows           | 1 |  1.8
Crossbows      | 1 |  1.8
Throwing       | 1 |  1.8
Armour         | 1 |  1.8
Shields        | 1 |  1.8
Unarmed Combat | 1 |  1.8
Spellcasting   | 1 |  1.8
Conjurations   | 1 |  1.4
Hexes          | 1 |  1.4
Summonings     | 1 |  1.4
Necromancy     | 1 |  1.4
Translocations | 1 |  1.4
Transmutations | 1 |  1.4
Fire Magic     | 1 |  1.4
Ice Magic      | 1 |  1.4
Air Magic      | 1 |  1.4
Earth Magic    | 1 |  1.4
Poison Magic   | 1 |  1.4
Invocations    | 1 2 |  2.0
Evocations     | 1 |  1.8
Fighting       | |  6.8
Short Blades   | |  4.9
Dodging        | |  4.9

Action                   |  1- 3 |  4- 6 || total
-------------------------+-------+-------++-------
Melee: Short sword       |    16 |    49 ||    65
       Bite              |     1 |     4 ||     5
  Use: Potion            |     1 |     1 ||     2
 Stab: Sleeping          |     2 |     6 ||     8
Armor: Leather armour    |     2 |     8 ||    10
Dodge: Dodged            |    11 |    22 ||    33
